 Dungeon Crawl Stone Soup version 0.17.0-9-g801d43b (webtiles) character file.

458359 sasquatch the Executioner (level 24, -7/242 HPs)
             Began as a Hill Orc Gladiator on Nov 10, 2015.
             Was the Champion of Beogh.
             Mangled by an Orb Guardian (38 damage)
             ... on level 5 of the Realm of Zot.
             The game lasted 02:31:29 (48117 turns).

sasquatch the Executioner (Hill Orc Gladiator)     Turns: 48117, Time: 02:31:29

Health: -7/242     AC: 54    Str: 33    XL:     24   Next: 11%
Magic:  0/9        EV:  8    Int: 13    God:    Beogh [******]
Gold:   4357       SH:  0    Dex:  7    Spells: 0 memorised, 23 levels left

rFire  + + +     SeeInvis +     A - +8 Wrath of Trog {antimagic, *Rage}
rCold  + + .     Clarity  +     K - +9 gold dragon armour
rNeg   + + .     SustAt   .     (shield currently unavailable)
rPois  +         Gourm    .     a - +1 hat {SInv}
rElec  +         Spirit   .     i - +3 cloak "Teitoxei" {*Confuse rF+ rN++}
rCorr  .         Warding  .     c - +2 pair of gloves
rMut   .         Stasis   .     u - +5 pair of boots of Sloth {+Blink Str+2 Int+5}
MR     ++...                    O - amulet "Kosiziet" {Clar +Blink rElec rC+ Dex-4}
Stlth  ..........               k - ring of protection from magic
                                I - ring of protection from fire

@: drained, very resistant to hostile enchantments, extremely unstealthy
A: walk on water, talons 1, rugged brown scales 1, strong 1
a: Smiting, Recall Orcish Followers, Give Item to Named Follower, Renounce
Religion, Evoke Blink
0: Orb of Zot
}: 3/15 runes: serpentine, barnacled, silver


You were on level 5 of the Realm of Zot.
You worshipped Beogh.
Beogh was exalted by your worship.
You were not hungry.

You visited 8 branches of the dungeon, and saw 50 of its levels.
You visited 1 ziggurat, and saw 1 of its levels.
You also visited: Bailey and Ice Cave.

You collected 7698 gold pieces.
You spent 3341 gold pieces at shops.

Inventory:

Hand Weapons
 A - the +8 Wrath of Trog (weapon) {antimagic, *Rage}
   (You found it in a bailey)

   It disrupts the flow of magical energy around spellcasters and certain
   magical creatures (including the wielder).
   It may make you go berserk in combat.
Missiles
 n - 3 throwing nets
 z - 18 steel javelins
 B - 10 poisoned javelins
 V - 30 javelins of penetration (quivered)
 Z - 19 silver javelins
Armour
 a - a +1 hat of see invisible (worn)
 c - a +2 pair of gloves (worn)
 i - the +3 cloak "Teitoxei" (worn) {*Confuse rF+ rN++}
   (You found it on level 5 of the Vaults)

   It protects you from fire.
   It greatly protects you from negative energy.
   It may confuse you when you take damage.
 u - the +5 pair of boots of Sloth (worn) {+Blink Str+2 Int+5}
   (You bought it in a shop on level 3 of the Snake Pit)

   It affects your strength (+2).
   It affects your intelligence (+5).
   It lets you blink.
 K - a +9 gold dragon armour (worn)
Jewellery
 k - a ring of protection from magic (right hand)
 F - an uncursed amulet of resist mutation
 I - a ring of protection from fire (left hand)
 O - the amulet "Kosiziet" (around neck) {Clar +Blink rElec rC+ Dex-4}
   (You bought it in a shop on level 4 of the Orcish Mines)

   [amulet of clarity]

   It provides mental clarity.
   It affects your dexterity (-4).
   It protects you from cold.
   It insulates you from electricity.
   It lets you blink.
 R - an uncursed amulet of resist corrosion
Wands
 M - a wand of digging (18)
Scrolls
 b - 20 scrolls of identify
 g - 12 scrolls of recharging
 j - 5 scrolls of teleportation
 l - 3 scrolls of magic mapping
 m - 2 scrolls of enchant armour
 o - 6 scrolls of amnesia
 r - 2 scrolls of fear
 v - 4 scrolls of enchant weapon
 w - 18 scrolls of remove curse
 y - a scroll of silence
 Q - a scroll of holy word
 U - a scroll of brand weapon
 Y - 3 scrolls of fog
Potions
 d - 4 potions of curing
 f - 7 potions of brilliance
 p - 7 potions of flight
 t - a potion of berserk rage
 C - a potion of might
 D - 3 potions of cancellation
 E - 6 potions of agility
 J - a potion of magic
 T - 2 potions of cure mutation
Miscellaneous
 h - a lamp of fire
 q - a phial of floods
 H - a disc of storms
 W - a phantom mirror
Comestibles
 e - 11 bread rations
 x - 12 meat rations


   Skills:
 + Level 23.0(22.8) Fighting
 - Level 23.1(22.9) Axes
 * Level 19.0(18.8) Throwing
 - Level 21.8(21.6) Armour
 - Level 2.4(2.2) Dodging
 - Level 8.5(8.4) Invocations
 - Level 7.3(7.1) Evocations


You had 23 spell levels left.
You didn't know any spells.

Dungeon Overview and Level Annotations

Branches:
Dungeon (15/15)              Lair (8/8) D:11         Shoals (4/4) Lair:4
  Snake (4/4) Lair:5        Slime (0/6) Lair:6          Orc (4/4) D:12
    Elf (0/3) Orc:3        Vaults (5/5) D:14          Crypt (0/3) Vaults:2
 Depths (5/5) D:15            Zot (5/5) Depths:5
 Temple: D:4-7

Altars:
Cheibriados
Gozag
Makhleb
Nemelex Xobeh
Vehumet
Jiyva

Shops:
D:5 :   D:9 [   D:11 *   D:15 [(!   Orc:1 !   Orc:4 ?(=(   Snake:3 [
Depths:4 [(*

Portals:
Hell: Depths:1 Depths:2 Depths:3 Depths:4
Abyss: Depths:2 Depths:4
Pandemonium: Depths:3

Annotations:
D:9 Maurice
Abyss:1 Mara, Xtahua


Innate Abilities, Weirdness & Mutations

You can walk on water.
You have sharp toenails.
You are partially covered in rugged brown scales (AC +1, +3% HP).
Your muscles are strong. (Str +2)


Message History

* * * LOW HITPOINT WARNING * * *
The Orb Guardian hits you but does no damage.
The ancient lich gestures wildly while chanting.
The ghost moth stares at you.
The Orb Guardian hits you but does no damage.
Your magical contamination has completely faded away.
Found a whip.
The ancient lich gestures wildly while chanting.
The Orb Guardian barely misses you. The yellow draconian barely misses you.
The ghost moth stares at you.
An Orb Guardian comes into view.
Drink which item? (? for menu, Esc to quit)
Okay, then.
The yellow draconian rages.
The Orb Guardian hits you but does no damage.
The ghost moth stares at you.
The Orb Guardian hits you but does no damage.
The yellow draconian hits you but does no damage.
The Orb Guardian hits you!!!
You die...

...X.........,,,,*
..X..........,,,,*
..L...........,,**
.............).**
..............▓▓
.......X.......▓▓
.....X..XL....X.▓▓
.........X..d.d..▓
......1.Xy2DyddX@▓
......2..q.d..d.▓▓
........2X.Xq.d▓▓
..........X.▓▓▓▓
▓▓▓▓▓▓▓▓▓▓▓▓▓


You could see a shadow dragon, a tentacled monstrosity, an ancient lich, 2
draconians, a yellow draconian (berserk), a green draconian, 2 draconians, a
white draconian, a hell beast, 4 Orb Guardians, 2 draconians, a ghost moth
(invisible), a moth of wrath and a large abomination.

Vanquished Creatures
  Mennas (Vaults:4)
  Boris (Vaults:4)
  A Killer Klown (Zot:5)
  A golden dragon (Zot:5)
  the Enchantress (Depths:3)
  2 liches (Depths:3)
  3 Orb Guardians (Zot:5)
  3 tentacled monstrosities
  2 titans (Vaults:5)
  A sphinx (Depths:3)
  An octopode crusher (Depths:2)
  An ancient champion (Vaults:2)
  5 storm dragons
  5 tengu reavers
  Roxanne (Shoals:2)
  4 fire giants
  3 draconian monks (Depths:5)
  4 greater nagas
  Wiglaf (Vaults:4)
  An iron dragon (Vaults:5)
  4 frost giants
  Aizul (Snake:1)
  A draconian scorcher (Zot:2)
  An orc warlord (Bailey)
  2 draconian zealots
  7 vault wardens
  10 ironheart preservers
  A war gargoyle (Vaults:5)
  A draconian annihilator (Zot:2)
  2 spriggan defenders (Depths:3)
  A vampire knight (Depths:1)
  9 very ugly things
  A draconian caller (Zot:5)
  Nessos (D:15)
  A deep elf demonologist (Vaults:5)
  12 stone giants
  2 green draconians
  Azrael (Snake:3)
  2 deep elf annihilators
  A mottled draconian (Zot:2)
  A purple draconian (Zot:5)
  7 red draconians
  5 white draconians
  A salamander stormcaller (Vaults:3)
  3 yellow draconians
  3 merfolk javelineers
  A deep elf death mage (Vaults:4)
  7 merfolk impalers
  5 ettins
  10 slime creatures
  22 vault guards
  A caustic shrike simulacrum (Depths:1)
  Josephine (Shoals:1)
  6 fire dragons
  A deep elf high priest (Depths:5)
  7 great orbs of eyes
  6 naga warriors
  5 hydras
  3 ice dragons
  9 yaktaur captains
  Erolcha (D:9)
  3 spriggan air magi
  3 entropy weavers
  A rakshasa (Depths:1)
  A death knight (Vaults:2)
  2 satyrs
  2 merfolk avatars
  A catoblepas (Lair:5)
  5 ogre magi
  A large abomination (Vaults:5)
  2 dancing weapons (D:14)
  9 anacondas
  4 merfolk aquamancers
  4 centaur warriors
  5 deep troll shamans
  7 deep troll earth magi
  3 death yaks (Lair:6)
  2 orc high priests (Orc:4)
  An alligator (shapeshifter) (Vaults:5)
  3 tengu warriors
  5 shock serpents
  A spriggan berserker (Depths:3)
  7 naga sharpshooters
  The ghost of tedric the Cleaver, a novice MiBe of Trog (D:11)
  3 small abominations
  A fire crab (Vaults:3)
  2 shadow wraiths
  9 sea snakes
  3 iron trolls
  A wizard (Depths:3)
  The ghost of crawdingle the Covert, a novice SpAr of Nemelex Xobeh (Bailey)
  A salamander mystic (Snake:4)
  An unseen horror (D:15)
  14 ironbrand convokers
  2 giant orange brains (Depths:3)
  4 flayed ghosts
  2 necromancers
  2 deep elf knights
  2 phantasmal warriors
  5 hill giants
  17 deep trolls
  A deep elf summoner (Vaults:1)
  3 orc knights
  2 naga ritualists
  2 orc sorcerers
  2 deep elf conjurers
  6 harpies
  An orb spider (shapeshifter) (Depths:2)
  5 mana vipers
  34 ugly things
  3 fauns (Shoals:3)
  5 griffons
  A hornet (Vaults:1)
  A water nymph (Shoals:3)
  2 wolf spiders
  3 salamanders
  3 moths of wrath
  6 cyclopes
  7 vault sentinels
  9 elephants
  5 guardian serpents
  25 black mambas
  2 manticores
  Joseph (D:9)
  A siren (Lair:4)
  8 naga magi
  7 spiny frogs
  Psyche (D:8)
  A gargoyle (D:14)
  A torpor snail (shapeshifter) (Depths:5)
  17 yaktaurs
  2 centaur skeletons (D:12)
  A molten gargoyle (Depths:2)
  4 komodo dragons
  A kobold demonologist (D:12)
  4 fire drakes
  4 trolls
  A spriggan skeleton (Depths:1)
  4 freezing wraiths
  4 tengu conjurers
  10 merfolk
  12 blink frogs
  5 snapping turtles
  9 two-headed ogres
  A queen bee (shapeshifter) (Depths:3)
  A queen bee (Lair:4)
  A slime creature (shapeshifter) (Depths:3)
  3 deep elf magi
  A trapdoor spider (D:14)
  A trapdoor spider (shapeshifter) (Depths:2)
  2 boulder beetles
  11 water elementals
  3 spriggans
  5 wraiths
  2 shadows
  An air elemental (Depths:4)
  11 redbacks
  22 yaks
  3 tarantellas
  4 wyverns
  3 hogs (shapeshifter)
  9 hippogriffs
  3 hungry ghosts
  A tarantella (shapeshifter) (Vaults:2)
  13 vampire mosquitoes
  A yak (shapeshifter) (Vaults:5)
  Grum (D:8)
  A steam dragon (D:12)
  3 fire elementals (Snake:3)
  2 hogs (Lair:5)
  5 deep elf fighters
  16 wolves
  A basilisk (Lair:5)
  2 wargs
  A mottled dragon (D:12)
  10 porcupines
  8 water moccasins
  7 soldier ants
  A soldier ant (shapeshifter) (Vaults:3)
  25 nagas
  Duvessa (D:5)
  2 black bears
  3 hell hounds
  2 sky beasts (D:8)
  2 swamp drakes (Depths:5)
  2 necrophages
  15 ice beasts
  9 orc warriors
  6 phantoms
  41 ogres
  8 crocodiles
  13 centaurs
  4 wasps
  5 boggarts
  19 giant frogs
  2 big kobolds
  A wyvern zombie (D:6)
  A gnoll sergeant (D:10)
  A glowing shapeshifter simulacrum (Vaults:3)
  Dowan (D:5)
  A tengu simulacrum (Depths:1)
  A wyvern skeleton (D:4)
  A water moccasin skeleton (D:8)
  5 scorpions
  23 killer bees
  A yaktaur simulacrum (Vaults:1)
  5 electric eels
  6 hounds
  5 crimson imps
  A centaur zombie (D:6)
  5 giant frog zombies
  6 jellies
  4 giant frog skeletons
  23 worker ants
  9 orc wizards
  9 iguanas
  10 orc priests
  6 sheep
  2 hound zombies
  A worker ant zombie (D:10)
  17 gnolls
  27 river rats
  15 adders
  2 shadow imps
  6 oozes
  2 adder zombies (D:8)
  An adder skeleton (D:5)
  A worm (D:3)
  4 giant geckos
  29 orcs
  7 bats
  9 giant cockroaches
  11 goblins
  12 hobgoblins
  9 jackals
  6 quokkas
  A giant gecko (shapeshifter) (Vaults:5)
  2 giant gecko skeletons
  6 giant newts
  2 jackal zombies
  21 kobolds
  2 quokka skeletons
  A quokka zombie (D:8)
  10 rats
  5 crawling corpses
  A fire vortex (Vaults:3)
  3 fungi
  14 plants
  2 tentacles (Shoals:2)
  A tentacle segment (Shoals:2)
1253 creatures vanquished.

Vanquished Creatures (collateral kills)
  An ancient lich (Zot:5)
  Sojobo (Depths:4)
  Frederick (Vaults:2)
  Saint Roka (Snake:3)
  4 golden dragons
  An electric golem (Zot:5)
  3 tentacled monstrosities
  4 Orb Guardians (Zot:5)
  Asterion (Depths:2)
  An octopode crusher (Depths:2)
  A kraken (Shoals:2)
  A death cob (Zot:5)
  3 tengu reavers
  A shadow dragon (Zot:5)
  Kirke (Lair:5)
  5 greater nagas
  3 sphinxes
  3 storm dragons
  4 draconian monks
  3 frost giants
  4 fire giants
  A draconian knight (Zot:2)
  Donald (Orc:3)
  2 draconian scorchers
  5 vault wardens
  Louise (Snake:4)
  2 draconian zealots
  2 deep elf sorcerers (Vaults:4)
  3 draconian shifters
  4 ironheart preservers
  A spriggan defender (Depths:3)
  8 very ugly things
  8 stone giants
  A deep elf annihilator (Vaults:5)
  4 green draconians
  4 black draconians
  4 white draconians
  4 yellow draconians
  A mottled draconian (Zot:3)
  A salamander stormcaller (Vaults:5)
  4 red draconians
  3 purple draconians
  3 small abominations (Depths:5)
  2 ettins
  4 vault guards
  A merfolk javelineer (Shoals:4)
  4 fire dragons
  2 deep elf death magi
  A merfolk impaler (Shoals:2)
  5 hydras
  5 yaktaur captains
  4 great orbs of eyes
  4 naga warriors
  An entropy weaver (Depths:3)
  3 ice dragons
  Harold (Lair:3)
  3 rakshasas
  2 spriggan air magi (Depths:4)
  3 ogre magi
  The ghost of tedric the Fighter, a novice MiBe of Trog (Lair:2)
  3 shock serpents
  An alligator snapping turtle (Shoals:4)
  A centaur warrior (Depths:3)
  A satyr (Shoals:2)
  8 anacondas
  5 tengu warriors
  8 deep troll earth magi
  2 spriggan berserkers
  A queen ant (Lair:4)
  5 naga sharpshooters
  6 deep troll shamans
  An orc high priest (Orc:4)
  A salamander mystic (Snake:4)
  An iron troll (Depths:3)
  4 sea snakes
  A deep elf knight (Vaults:2)
  A wizard (Vaults:3)
  A giant orange brain (Depths:3)
  4 slime creatures
  3 unseen horrors
  A death drake (Depths:5)
  3 flayed ghosts
  3 naga ritualists
  30 deep trolls
  2 hill giants (Vaults:1)
  5 orc knights
  A phantasmal warrior (Vaults:5)
  6 naga magi
  4 harpies
  8 ironbrand convokers
  A water nymph (Shoals:2)
  5 mana vipers (Snake:4)
  A deep elf conjurer (Vaults:4)
  25 ugly things
  5 orc sorcerers
  A wolf spider (Vaults:2)
  3 cyclopes
  A faun (Shoals:3)
  3 manticores
  2 griffons
  3 hornets
  13 elephants
  5 salamanders (Snake:4)
  2 moths of wrath
  5 guardian serpents
  16 black mambas
  2 vault sentinels (Vaults:4)
  A gargoyle (D:10)
  7 spiny frogs
  4 komodo dragons
  An efreet (D:15)
  5 merfolk
  A deep elf priest (Vaults:4)
  3 fire drakes
  3 freezing wraiths
  2 tengu conjurers
  2 trolls
  12 yaktaurs
  2 giant leeches (Lair:8)
  Prince Ribbit (D:9)
  9 blink frogs
  A blink frog (shapeshifter) (Vaults:3)
  3 snapping turtles
  A fire elemental (Snake:3)
  A fire giant simulacrum (Depths:1)
  A wraith (Shoals:1)
  4 water elementals
  5 yaks
  An air elemental (Depths:4)
  A basilisk (shapeshifter) (Vaults:5)
  A wyvern (Lair:5)
  3 hippogriffs
  3 redbacks
  7 vampire mosquitoes
  2 deep elf fighters
  12 nagas
  A hog (Lair:5)
  2 porcupines
  2 wargs
  4 wolves
  5 ice beasts (Lair:7)
  10 water moccasins
  4 soldier ants (Lair:4)
  2 hell hounds
  An ice dragon simulacrum (Depths:1)
  A swamp drake (Depths:5)
  A necrophage (D:11)
  8 ogres
  8 boggarts
  2 phantoms
  6 orc warriors
  2 big kobolds
  2 crocodiles
  13 giant frogs
  A scorpion (D:12)
  3 electric eels
  6 killer bees
  A giant frog zombie (D:12)
  A quasit (D:12)
  5 orc priests
  9 orc wizards
  10 worker ants
  3 sheep
  2 adders (Snake:1)
  4 river rats
  A giant gecko (D:11)
  31 orcs
  A goblin (Orc:2)
  11 kobolds
  A ball python (Snake:1)
  A crawling corpse (Depths:5)
  A fire vortex (Vaults:3)
  10 fungi
  25 plants
  A tentacle (Shoals:2)
675 creatures vanquished.

Vanquished Creatures (others)
  5 orc warlords
  An ironheart preserver (Vaults:3)
  A deep elf high priest (Vaults:5)
  6 orc high priests
  A great orb of eyes (Depths:1)
  29 orc knights
  6 orc sorcerers
  2 deep trolls
  A death drake (Depths:5)
  A shadow wraith (Vaults:3)
  A necromancer (Vaults:3)
  A naga ritualist (Snake:2)
  An ironbrand convoker (Vaults:3)
  A wolf spider (Vaults:3)
  An ugly thing (Depths:2)
  2 vault sentinels
  40 orc warriors
  A deep elf mage (Vaults:2)
  A basilisk (D:14)
  A naga (Snake:3)
  2 humans (Lair:5)
  25 orc wizards
  4 boggarts (Depths:1)
  28 orc priests
  100 orcs
  16 bushes (Zot:2)
  36 fungi
  54 plants
  5 tentacles (Shoals:2)
  230 tentacle segments (Shoals:2)
603 creatures vanquished.

Grand Total: 2531 creatures vanquished

Notes
Turn   | Place    | Note
--------------------------------------------------------------
     0 | D:1      | sasquatch the Hill Orc Gladiator began the quest for the Orb.
     0 | D:1      | Reached XP level 1. HP: 18/18 MP: 1/1
    99 | D:1      | Reached XP level 2. HP: 25/25 MP: 2/2
   550 | D:1      | Reached skill level 5 in Axes
   550 | D:1      | Reached XP level 3. HP: 30/30 MP: 3/3
   976 | D:2      | Reached XP level 4. HP: 31/38 MP: 4/4
  1455 | D:2      | Reached skill level 6 in Axes
  1652 | D:3      | Reached XP level 5. HP: 12/46 MP: 5/5
  1805 | D:3      | Found a snail-covered altar of Cheibriados.
  1806 | D:3      | Noticed a centaur
  1848 | D:3      | Killed a centaur
  1848 | D:3      | Reached skill level 7 in Axes
  1848 | D:3      | Reached XP level 6. HP: 12/53 MP: 6/6
  1873 | D:3      | HP: 1/53 [orc/flail (4)]
  2273 | D:3      | Became a worshipper of Beogh the Brigand
  2280 | D:3      | Found a faded altar to an unknown god.
  2777 | D:4      | Found a sparkling altar of Nemelex Xobeh.
  3173 | D:4      | Reached skill level 5 in Fighting
  3173 | D:4      | Reached skill level 8 in Axes
  3331 | D:4      | Reached XP level 7. HP: 46/61 MP: 7/7
  3534 | D:4      | Reached skill level 9 in Axes
  3828 | D:4      | Reached skill level 10 in Axes
  3828 | D:4      | Reached XP level 8. HP: 69/71 MP: 8/8
  3976 | D:5      | Entered Level 5 of the Dungeon
  4057 | D:5      | Reached * piety under Beogh
  4063 | D:5      | Found Umodop's Book Shoppe.
  4166 | D:5      | Reached skill level 11 in Axes
  4403 | D:5      | Noticed Dowan
  4404 | D:5      | Noticed Duvessa
  4411 | D:5      | Killed Duvessa
  4419 | D:5      | Killed Dowan
  4613 | D:6      | Reached skill level 12 in Axes
  4641 | D:6      | Reached XP level 9. HP: 70/81 MP: 9/9
  5027 | D:6      | Reached skill level 13 in Axes
  5103 | D:6      | Reached ** piety under Beogh
  5293 | D:6      | You fall through a shaft for 3 floors!
  5339 | D:9      | Noticed Maurice
  5502 | D:8      | Noticed a purple ugly thing
  5503 | D:8      | Noticed a manticore
  5504 | D:8      | Noticed a tengu warrior
  5518 | D:8      | Killed a purple ugly thing
  5518 | D:8      | Reached skill level 14 in Axes
  5523 | D:8      | Killed a manticore
  5523 | D:8      | Reached XP level 10. HP: 24/92 MP: 0/12
  5533 | D:8      | Killed a tengu warrior
  5533 | D:8      | Reached skill level 10 in Fighting
  5874 | D:8      | Noticed Grum
  5918 | D:8      | Reached skill level 15 in Axes
  5919 | D:8      | Killed Grum
  6221 | D:8      | Reached *** piety under Beogh
  6305 | D:8      | Reached skill level 5 in Invocations
  7000 | D:8      | Found a radiant altar of Vehumet.
  7321 | D:8      | Reached XP level 11. HP: 83/101 MP: 11/15
  7517 | D:8      | Reached skill level 16 in Axes
  7544 | D:8      | Noticed Psyche
  7553 | D:8      | Killed Psyche
  7791 | D:9      | Found Joem's Armour Boutique.
  7818 | D:9      | Reached **** piety under Beogh
  7820 | D:9      | Bought the +1 chain mail "Muruw" {Str+3 Int+3 Dex-2 Slay+3} for 487 gold pieces
  8054 | D:9      | Noticed Prince Ribbit
  8054 | D:9      | Noticed Joseph
  8063 | D:9      | Killed Joseph
  8077 | D:9      | Killed Prince Ribbit
  8244 | D:9      | Noticed Erolcha
  8254 | D:9      | Killed Erolcha
  8508 | D:10     | Entered Level 10 of the Dungeon
  8722 | D:10     | Reached skill level 17 in Axes
  9418 | D:11     | Found a staircase to the Lair.
  9498 | D:11     | Found Ywo Esse's General Store.
  9498 | D:11     | Noticed a hill giant
  9507 | D:11     | Killed a hill giant
  9521 | D:11     | Bought a scroll of teleportation for 42 gold pieces
  9521 | D:11     | Bought a scroll of identify for 28 gold pieces
  9535 | D:11     | Gained Murdo as an ally
  9585 | D:11     | Noticed tedric's ghost (novice MiBe)
  9594 | D:11     | Killed tedric's ghost
  9594 | D:11     | Reached skill level 1 in Evocations
  9616 | D:11     | Reached ***** piety under Beogh
  9800 | Lair:1   | Entered Level 1 of the Lair of Beasts
  9843 | Lair:1   | Gained Boruk as an ally
 10030 | Lair:1   | Reached XP level 12. HP: 112/112 MP: 18/18
 10078 | Lair:1   | Noticed an eight-headed hydra
 10085 | Lair:1   | Killed an 11-headed hydra
 10548 | Lair:2   | Noticed a seven-headed hydra
 10551 | Lair:2   | Your ally Murdo died
 10552 | Lair:2   | Your ally Boruk died
 10559 | Lair:2   | Killed a ten-headed hydra
 10559 | Lair:2   | Reached skill level 18 in Axes
 10604 | Lair:2   | Noticed tedric's ghost (novice MiBe)
 10617 | Lair:2   | Killed tedric's ghost
 11135 | Lair:2   | Gained Wardok as an ally
 11147 | Lair:2   | Gained Bogrim as an ally
 11986 | Lair:3   | Noticed Harold
 11996 | Lair:3   | Killed Harold
 11996 | Lair:3   | Reached skill level 19 in Axes
 12158 | Lair:3   | Reached skill level 5 in Evocations
 12293 | Lair:4   | Noticed a queen ant
 12296 | Lair:4   | Gained Warbeogh as an ally
 12297 | Lair:4   | Reached skill level 1 in Armour
 12307 | Lair:4   | Your ally Warbeogh died
 12307 | Lair:4   | Killed a queen ant
 12307 | Lair:4   | Reached XP level 13. HP: 50/122 MP: 13/19
 12310 | Lair:4   | Reached ****** piety under Beogh
 12311 | Lair:4   | Gained Blodwig as an ally
 12764 | Lair:4   | Gained Grimold as an ally
 13096 | Lair:4   | Reached skill level 20 in Axes
 13266 | Lair:4   | Found a staircase to the Shoals.
 13401 | Lair:5   | Noticed Kirke
 13412 | Lair:5   | Killed Kirke
 13412 | Lair:5   | Your ally Blodwig died
 13483 | Lair:5   | Reached skill level 5 in Armour
 13530 | Lair:5   | Gained Berold as an ally
 13915 | Lair:5   | Found a staircase to the Snake Pit.
 14253 | Lair:6   | Reached XP level 14. HP: 75/129 MP: 10/20
 14592 | Lair:6   | Found a viscous altar of Jiyva.
 14592 | Lair:6   | Found a staircase to the Slime Pits.
 14768 | Lair:6   | You fall through a shaft for 2 floors!
 14768 | Lair:8   | Entered Level 8 of the Lair of Beasts
 14833 | Lair:7   | Got a dazzling arbalest
 14874 | Lair:7   | Found a frozen archway.
 14898 | IceCv    | Entered an ice cave
 17178 | D:12     | Reached skill level 10 in Armour
 17482 | D:12     | Found a staircase to the Orcish Mines.
 17690 | D:12     | Your ally Bogrim died
 17891 | Orc:1    | Entered Level 1 of the Orcish Mines
 18094 | Orc:2    | Found a flagged portal.
 18117 | Bailey   | Entered a bailey
 18122 | Bailey   | Noticed an orc warlord
 18126 | Bailey   | Noticed crawdingle's ghost (novice SpAr)
 18140 | Bailey   | Killed crawdingle's ghost
 18188 | Bailey   | Found a runed gate.
 18188 | Bailey   | Found a runed gate.
 18188 | Bailey   | Found a runed gate.
 18189 | Bailey   | Gained Morun as an ally
 18283 | Bailey   | Killed an orc warlord
 18283 | Bailey   | Reached skill level 5 in Throwing
 19003 | Orc:3    | Found a radiant altar of Vehumet.
 19005 | Orc:3    | Noticed Donald
 19015 | Orc:3    | Killed Donald
 19092 | Orc:3    | Found a staircase to the Elven Halls.
 19240 | Orc:4    | Entered Level 4 of the Orcish Mines
 19489 | Orc:4    | Reached XP level 15. HP: 78/139 MP: 5/21
 19494 | Orc:4    | Gained Gorbash as an ally
 19744 | Orc:4    | Found Pokhopn's Jewellery Shoppe.
 19744 | Orc:4    | Found Toerry's Weapon Boutique.
 19760 | Orc:4    | Gained Bolgrim as an ally
 19761 | Orc:4    | Found Vesma's Magic Scroll Shoppe.
 19761 | Orc:4    | Found Qukereho's Weapon Boutique.
 19781 | Orc:4    | Bought the amulet "Kosiziet" {Clar +Blink rElec rC+ Dex-4} for 554 gold pieces
 20085 | Snake:1  | Entered Level 1 of the Snake Pit
 20712 | Snake:1  | Noticed Aizul
 20722 | Snake:1  | Killed Aizul
 20949 | Snake:1  | Found a runed gate.
 20954 | Snake:1  | Found a runed gate.
 20955 | Snake:1  | Found a runed gate.
 20964 | Snake:1  | Gained Hilgar as an ally
 20964 | Snake:1  | Your ally Hilgar died
 20972 | Snake:1  | Reached skill level 15 in Fighting
 20987 | Snake:1  | Your ally Morun died
 21004 | Snake:1  | Your ally Grimold died
 21307 | Snake:2  | Noticed a greater naga
 21322 | Snake:2  | Killed a greater naga
 21640 | Snake:2  | Noticed a greater naga
 21659 | Snake:2  | Killed a greater naga
 21677 | Snake:2  | Gained mutation: You have sharp toenails. [potion of beneficial mutation]
 21678 | Snake:2  | Gained mutation: Your muscles are strong. (Str +2) [potion of beneficial mutation]
 21679 | Snake:2  | Gained mutation: You are partially covered in rugged brown scales (AC +1, +3% HP). [potion of beneficial mutation]
 22119 | Snake:2  | You fall through a shaft!
 22126 | Snake:3  | Gained Grimold as an ally
 22136 | Snake:3  | Noticed Azrael
 22151 | Snake:3  | Killed Azrael
 22188 | Snake:3  | Your ally Gorbash died
 22535 | Snake:3  | Your ally Grimold died
 22536 | Snake:3  | Reached XP level 16. HP: 73/153 MP: 7/22
 23041 | Snake:3  | Noticed Saint Roka
 23051 | Snake:3  | Killed Saint Roka
 23126 | Snake:3  | Found Honned's Armour Boutique.
 23160 | Snake:3  | Bought the +5 pair of boots of Sloth {+Blink Str+2 Int+5} for 989 gold pieces
 23553 | Snake:4  | Entered Level 4 of the Snake Pit
 23553 | Snake:4  | Noticed Louise
 23563 | Snake:4  | Killed Louise
 23564 | Snake:4  | Gained Bladwarg as an ally
 24794 | Snake:4  | Reached skill level 15 in Armour
 25015 | Snake:4  | Your ally Wardok died
 25016 | Snake:4  | Your ally Bolgrim died
 25019 | Snake:4  | HP: 7/156 [naga ritualist/Olgreb's Toxic Radiance (2)]
 25023 | Snake:4  | Your ally Berold died
 25061 | Snake:4  | Your ally Bladwarg died
 25428 | Snake:4  | Reached XP level 17. HP: 135/163 MP: 7/23
 25729 | Snake:4  | Got a serpentine rune of Zot
 26610 | Orc:1    | Found Aduik's Distillery.
 27253 | D:13     | Gained Rocco as an ally
 27794 | Snake:3  | Bought a gold dragon hide for 1190 gold pieces
 27943 | Shoals:1 | Entered Level 1 of the Shoals
 28402 | Shoals:1 | Noticed Josephine
 28417 | Shoals:1 | Killed Josephine
 28602 | Shoals:2 | Reached skill level 10 in Throwing
 28670 | Shoals:2 | Noticed Roxanne
 28688 | Shoals:2 | Killed Roxanne
 28690 | Shoals:2 | Identified Roxanne's Incunabulum of Changing and Clay (You took it off Roxanne on level 2 of the Shoals)
 28780 | Shoals:2 | Gained Norbak as an ally
 29355 | Shoals:2 | Found a burning altar of Makhleb.
 29510 | Shoals:3 | Gained Urtork as an ally
 29601 | Shoals:3 | Your ally Urtork died
 30063 | Shoals:4 | Entered Level 4 of the Shoals
 30154 | Shoals:4 | Got a barnacled rune of Zot
 30742 | D:14     | Found a gate to the Vaults.
 31019 | D:14     | Reached XP level 18. HP: 175/175 MP: 8/24
 31083 | D:14     | Gained Bogrim as an ally
 31256 | Vaults:1 | Entered Level 1 of the Vaults
 32005 | Vaults:1 | Gained Boldo as an ally
 32087 | Vaults:1 | Gained Wulfoc as an ally
 32103 | Vaults:1 | Gained Orkrul as an ally
 32126 | Vaults:1 | Your ally Bogrim died
 32259 | Vaults:1 | Gained Orkrul as an ally
 32956 | Vaults:2 | Your ally Boldo died
 33802 | Vaults:2 | Noticed Frederick
 33814 | Vaults:2 | Killed Frederick
 33957 | Vaults:2 | Reached XP level 19. HP: 171/185 MP: 8/25
 33982 | Vaults:2 | Found a staircase to the Crypt.
 34219 | Vaults:3 | Gained Bolgrim as an ally
 36088 | Vaults:4 | Gained Bogbrand as an ally
 36109 | Vaults:4 | Noticed Xtahua
 36297 | Vaults:4 | Noticed Wiglaf
 36308 | Vaults:4 | Killed Wiglaf
 36328 | Vaults:4 | Noticed Mennas
 36332 | Vaults:4 | Banished Xtahua
 36336 | Vaults:4 | Your ally Orkrul died
 36337 | Vaults:4 | Your ally Rocco died
 36346 | Vaults:4 | Your ally Wulfoc died
 36351 | Vaults:4 | Killed Mennas
 36507 | Vaults:4 | Noticed Mara
 36511 | Vaults:4 | Your ally Bolgrim died
 36518 | Vaults:4 | Banished Mara
 36740 | Vaults:4 | Noticed Boris
 37020 | Vaults:4 | Gained Olfik as an ally
 37022 | Vaults:4 | Your ally Olfik died
 37029 | Vaults:4 | Your ally Orkrul died
 37041 | Vaults:4 | Killed Boris
 37069 | Vaults:4 | Reached XP level 20. HP: 174/196 MP: 8/26
 37464 | Vaults:5 | Entered Level 5 of the Vaults
 37479 | Vaults:5 | Your ally Bogbrand died
 37479 | Vaults:5 | Reached skill level 15 in Throwing
 37496 | Vaults:5 | Your ally Norbak died
 38367 | Vaults:5 | Got a brightly glowing chain mail
 38368 | Vaults:5 | Identified the cursed +0 chain mail of the Merchant {rN+ MR+} (You found it on level 5 of the Vaults)
 38389 | Vaults:5 | Got an uncursed jewelled short sword {venom}
 38391 | Vaults:5 | Identified the +6 short sword of Crusades {venom, Str+3} (You took it off a yaktaur captain on level 5 of the Vaults)
 38397 | Vaults:5 | Identified a scroll of acquirement
 38577 | Vaults:5 | Gained Alork as an ally
 38586 | Vaults:5 | Your ally Alork died
 38914 | Vaults:5 | Gained Marbaugh as an ally
 39236 | Vaults:5 | Got a silver rune of Zot
 39294 | Vaults:5 | Reached XP level 21. HP: 201/207 MP: 9/27
 39544 | Vaults:5 | Got a glittering wooden ring
 39545 | Vaults:5 | Identified the ring of Situk {+Fly Dex+4} (You found it on level 5 of the Vaults)
 39550 | Vaults:5 | Got a faintly glowing plate armour
 39552 | Vaults:5 | Identified the +1 plate armour of Sif Muna's Whim {rPois MR- rCorr Stlth+} (You found it on level 5 of the Vaults)
 39554 | Vaults:5 | Got a crude cloak
 39555 | Vaults:5 | Identified the +3 cloak "Teitoxei" {*Confuse rF+ rN++} (You found it on level 5 of the Vaults)
 39773 | D:15     | Entered Level 15 of the Dungeon
 39773 | D:15     | Found Josouvys's Armour Emporium.
 39889 | D:15     | Found Pululoagh's Distillery.
 39898 | D:15     | Gained Boruk as an ally
 39903 | D:15     | Bought a potion of curing for 51 gold pieces
 39948 | D:15     | Found Renaaqut's Weapon Shop.
 39966 | D:15     | Found a staircase to the Depths.
 40125 | D:15     | Noticed Nessos
 40133 | D:15     | Killed Nessos
 40309 | Depths:1 | Entered Level 1 of the Depths
 40327 | Depths:1 | Gained Bogmar as an ally
 40747 | Depths:1 | Reached skill level 21 in Axes
 41128 | Depths:1 | Found a gateway to Hell.
 41371 | Depths:2 | Noticed Asterion
 41387 | Depths:2 | Killed Asterion
 41666 | Depths:2 | Found a one-way gate to the infinite horrors of the Abyss.
 42194 | Depths:3 | Noticed the Enchantress
 42218 | Depths:3 | Killed the Enchantress
 42231 | Depths:3 | Got a faerie dragon armour
 42232 | Depths:3 | Identified the +5 faerie dragon armour {rC+ Regen+ Int+2} (You took it off the Enchantress on level 3 of the Depths)
 42458 | Depths:3 | Paralysed by a lich for 3 turns
 42481 | Depths:3 | Found a one-way gate leading to the halls of Pandemonium.
 42689 | Depths:3 | Reached XP level 22. HP: 166/219 MP: 9/28
 43620 | Depths:3 | Found a gateway to a ziggurat.
 43651 | Depths:3 | Your ally Marbaugh died
 43899 | Zig:1    | Entered Level 1 of a ziggurat
 43960 | Depths:4 | Reached skill level 22 in Axes
 44039 | Depths:4 | Noticed Sojobo
 44048 | Depths:4 | Killed Sojobo
 44058 | Depths:4 | Gained Borgk as an ally
 44231 | Depths:4 | Found Gozag's Assorted Antiques.
 44249 | Depths:4 | Found an opulent altar of Gozag.
 44253 | Depths:4 | Found Gozag's Antique Weapon Shop.
 44269 | Depths:4 | Found Gozag's Antique Armour Boutique.
 45235 | Depths:5 | Entered Level 5 of the Depths
 45286 | Depths:5 | Reached XP level 23. HP: 84/229 MP: 9/29
 45868 | Depths:5 | Found a gate to the Realm of Zot.
 45923 | Zot:1    | Entered Level 1 of the Realm of Zot
 46320 | Zot:2    | Reached skill level 23 in Axes
 47103 | Zot:4    | Your ally Borgk died
 47105 | Zot:5    | Entered Level 5 of the Realm of Zot
 47975 | Zot:5    | Noticed an ancient lich
 47977 | Zot:5    | Your ally Bogmar died
 47985 | Zot:5    | Killed an ancient lich
 47985 | Zot:5    | Reached XP level 24. HP: 208/241 MP: 8/29
 48056 | Zot:5    | Got the Orb of Zot
 48057 | Zot:5    | Noticed an orb of fire
 48063 | Zot:5    | HP: 6/242 [Orb Guardian (20)]
 48068 | Zot:5    | HP: 4/242 [Orb Guardian (25)]
 48071 | Zot:5    | Beogh protects you from harm!
 48074 | Zot:5    | Noticed Gad Qoat the pandemonium lord
 48092 | Zot:5    | Your ally Boruk died
 48094 | Zot:5    | Noticed an ancient lich
 48095 | Zot:5    | Beogh protects you from harm!
 48117 | Zot:5    | Mangled by an Orb Guardian

Action                   |  1- 3 |  4- 6 |  7- 9 | 10-12 | 13-15 | 16-18 | 19-21 | 22-24 || total
-------------------------+-------+-------+-------+-------+-------+-------+-------+-------++-------
Melee: War axe           |    86 |   211 |   280 |   440 |       |       |       |       ||  1017
       Battleaxe         |       |       |       |   155 |   815 |   992 |  1013 |   676 ||  3651
Throw: Throwing net      |       |       |     6 |     3 |       |       |       |       ||     9
       Javelin           |       |       |       |       |     5 |     4 |     4 |     9 ||    22
Invok: Convert to Beogh  |       |     1 |       |       |       |       |       |       ||     1
       Recall Orcish Fol |       |       |       |     6 |    15 |    13 |    14 |    12 ||    60
       Give Item to Name |       |       |       |       |     6 |     4 |     5 |     2 ||    17
Evoke: Wand              |       |       |       |     4 |     3 |       |       |     2 ||     9
  Use: Scroll            |       |     8 |     3 |    11 |     8 |    13 |    18 |    15 ||    76
       Potion            |       |     3 |     3 |     2 |     3 |     9 |    13 |    14 ||    47
 Stab: Held in net/web   |       |       |     7 |     1 |       |       |       |       ||     8
       Distracted        |       |       |       |     5 |     2 |    14 |    15 |    10 ||    46
       Invisible         |       |       |       |     1 |       |       |       |       ||     1
       Paralysed         |       |       |       |     1 |       |       |       |       ||     1
       Confused          |       |       |       |       |       |       |       |     1 ||     1
  Eat: Chunk             |       |     4 |     9 |    20 |     1 |       |     3 |       ||    37
       Beef jerky        |       |     1 |       |     1 |     7 |     2 |     1 |       ||    12
       Bread ration      |       |     1 |     1 |       |       |       |       |     1 ||     3
       Fruit             |       |       |       |     5 |    10 |     4 |       |     1 ||    20
       Royal jelly       |       |       |       |       |     7 |    17 |       |       ||    24
       Pizza             |       |       |       |       |     1 |     2 |       |       ||     3
       Meat ration       |       |       |       |       |       |       |     4 |     4 ||     8
